PAA
YAKIMA HOPS @ MERCER ISLAND SCREAMING EAGLES
08/18/2038
 
TOP OF THE 1ST
Yakima Hops batting - Pitching for Mercer Island Screaming Eagles : RHP Théo Picard
Pitching: RHP Théo Picard
Batting: LHB Doug Cole 0-0: Fly out, F8 (Line Drive, 8LM, EV 93.1 MPH)
Batting: RHB Sebastian Franke 0-0: Called Strike
0-1: DOUBLE (Line Drive, 78XD, EV 108.1 MPH)
Batting: SHB Rafael Bregonzi 0-0: Fly out, F9 (Line Drive, 9D, EV 102.5 MPH)
Runner from 2nd tags up, SAFE at 3rd, no throw by RF
Batting: LHB Juan Arellano 0-0: Called Strike
0-1: Ball
1-1: Ball
2-1: Foul Ball, location: 2F
2-2: Foul Ball, location: 2F
2-2: DOUBLE (Groundball, 3L, EV 101.9 MPH)
Sebastian Franke scores
Batting: RHB Tokaji Heida 0-0: Foul Ball, location: 2F
0-1: Ground out 5-3 (Groundball, 56, EV 83.8 MPH)
Top of the 1st over - 1 run, 2 hits, 0 errors, 1 left on base; Yakima 1 - Mercer Island 0
BOTTOM OF THE 1ST
Mercer Island Screaming Eagles batting - Pitching for Yakima Hops : RHP Félix Aiza
Pitching: RHP Félix Aiza
Batting: RHB Emílio Ramírez 0-0: Ball
1-0: Called Strike
1-1: Ball
2-1: Swinging Strike
2-2: Foul Ball, location: 2F
2-2: Ball
3-2: Ground out 6-3 (Groundball, 6, EV 85.0 MPH)
Batting: RHB Mikael Evangjeli 0-0: Ball
1-0: Foul Ball, location: 2F
1-1: Fly out, F7 (Flyball, 7, EV 90.0 MPH)
Batting: LHB Fernando Flores 0-0: Fly out, F8 (Line Drive, 8RM, EV 95.0 MPH)
Bottom of the 1st over - 0 runs, 0 hits, 0 errors, 0 left on base; Yakima 1 - Mercer Island 0
TOP OF THE 2ND
Yakima Hops batting - Pitching for Mercer Island Screaming Eagles : RHP Théo Picard
Batting: LHB Flint Myers 0-0: Ball
1-0: Ball
2-0: Foul Ball, location: 2F
2-1: Ball
3-1: Foul Ball, location: 2F
3-2: Foul Ball, location: 2F
3-2: TRIPLE (Flyball, 78XD, EV 96.2 MPH)
Batting: RHB Ezra Booth 0-0: Called Strike
0-1: Called Strike
0-2: Ball
1-2: Strikes out swinging
Batting: RHB Stock Tonports 0-0: Swinging Strike
0-1: Ball
1-1: Ball
2-1: Foul Ball, location: 2F
2-2: Strikes out swinging
Batting: RHB José Hernández 0-0: Called Strike
0-1: Ball
1-1: Ball
2-1: Called Strike
2-2: Strikes out swinging
Top of the 2nd over - 0 runs, 1 hit, 0 errors, 1 left on base; Yakima 1 - Mercer Island 0
BOTTOM OF THE 2ND
Mercer Island Screaming Eagles batting - Pitching for Yakima Hops : RHP Félix Aiza
Batting: LHB Pedro Muñóz 0-0: Ball
1-0: Called Strike
1-1: Foul Ball, location: 2F
1-2: Strikes out swinging
Batting: RHB Corey Ollerton 0-0: Called Strike
0-1: Ball
1-1: Ball
2-1: Swinging Strike
2-2: Foul Ball, location: 2F
2-2: Ball
3-2: Fly out, F8 (Flyball, 8RD, EV 96.9 MPH)
Batting: RHB Charles Basle 0-0: Called Strike
0-1: Ball
1-1: SINGLE (Groundball, 15S, EV 64.4 MPH) (infield hit)
Batting: RHB Brevyn Spann-Ford 0-0: Foul Ball, location: 2F
0-1: Swinging Strike
0-2: Foul Ball, location: 2F
0-2: Foul Ball, location: 2F
0-2: Ball
1-2: Foul Ball, location: 2F
1-2: Strikes out swinging
Bottom of the 2nd over - 0 runs, 1 hit, 0 errors, 1 left on base; Yakima 1 - Mercer Island 0
TOP OF THE 3RD
Yakima Hops batting - Pitching for Mercer Island Screaming Eagles : RHP Théo Picard
Batting: LHB Doug Cole 0-0: SINGLE (Line Drive, 4MD, EV 106.2 MPH)
Batting: RHB Sebastian Franke 0-0: Called Strike
0-1: Ball
1-1: Foul Ball, location: 2F
1-2: Fly out, F9 (Line Drive, 9D, EV 95.6 MPH)
Batting: SHB Rafael Bregonzi 0-0: Grounds into double play, 6-4-3 (Groundball, 6, EV 88.1 MPH)
Top of the 3rd over - 0 runs, 1 hit, 0 errors, 0 left on base; Yakima 1 - Mercer Island 0
BOTTOM OF THE 3RD
Mercer Island Screaming Eagles batting - Pitching for Yakima Hops : RHP Félix Aiza
Batting: RHB Carlos Miranda 0-0: Ground out 6-3 (Groundball, 6, EV 100.6 MPH)
Batting: RHB Byron Ballard 0-0: Ball
1-0: Ball
2-0: Ball
3-0: Base on Balls
Batting: RHB Emílio Ramírez 0-0: Ball
1-0: Ball
2-0: Called Strike
2-1: Swinging Strike
2-2: Ball
3-2: Foul Ball, location: 2F
3-2: Base on Balls
Byron Ballard to second
Batting: RHB Mikael Evangjeli 0-0: Ball
1-0: Called Strike
1-1: Called Strike
1-2: Fielders Choice at 2nd, 3-6 (Groundball, 3, EV 79.4 MPH)
Byron Ballard to third
Batting: LHB Fernando Flores 0-0: Called Strike
0-1: Ball
1-1: SINGLE (Flyball, 78S, EV 91.9 MPH)
Byron Ballard scores
Mikael Evangjeli to second
Batting: LHB Pedro Muñóz 0-0: Ground out U3 (Groundball, 3, EV 80.6 MPH)
Bottom of the 3rd over - 1 run, 1 hit, 0 errors, 2 left on base; Yakima 1 - Mercer Island 1
TOP OF THE 4TH
Yakima Hops batting - Pitching for Mercer Island Screaming Eagles : RHP Théo Picard
Batting: LHB Juan Arellano 0-0: Ball
1-0: Ball
2-0: Called Strike
2-1: Ball
3-1: Foul Ball, location: 2F
3-2: Foul Ball, location: 2F
3-2: Foul Ball, location: 2F
3-2: Ground out 6-3 (Groundball, 6S, EV 72.5 MPH)
Batting: RHB Tokaji Heida 0-0: Called Strike
0-1: Swinging Strike
0-2: Ball
1-2: Fly out, F8 (Line Drive, 8LM, EV 91.2 MPH)
Batting: LHB Flint Myers 0-0: Ground out U3 (Groundball, 34, EV 101.9 MPH)
Top of the 4th over - 0 runs, 0 hits, 0 errors, 0 left on base; Yakima 1 - Mercer Island 1
BOTTOM OF THE 4TH
Mercer Island Screaming Eagles batting - Pitching for Yakima Hops : RHP Félix Aiza
Batting: RHB Corey Ollerton 0-0: Ball
1-0: Called Strike
1-1: Ball
2-1: Swinging Strike
2-2: Ball
3-2: Strikes out swinging
Batting: RHB Charles Basle 0-0: Ball
1-0: Fly out, F4 (Popup, 34S, EV 77.5 MPH)
Batting: RHB Brevyn Spann-Ford 0-0: Ball
1-0: Called Strike
1-1: Swinging Strike
1-2: Foul Ball, location: 2F
1-2: Ball
2-2: Ball
3-2: Base on Balls
Batting: RHB Carlos Miranda 0-0: Called Strike
0-1: Ball
1-1: Ground out 3-1 (Groundball, 34S, EV 77.5 MPH)
Bottom of the 4th over - 0 runs, 0 hits, 0 errors, 1 left on base; Yakima 1 - Mercer Island 1
TOP OF THE 5TH
Yakima Hops batting - Pitching for Mercer Island Screaming Eagles : RHP Théo Picard
Batting: RHB Ezra Booth 0-0: Fly out, F8 (Flyball, 89S, EV 90.0 MPH)
Batting: RHB Stock Tonports 0-0: Foul Ball, location: 2F
0-1: Foul Ball, location: 2F
0-2: Ball
1-2: Strikes out swinging
Batting: RHB José Hernández 0-0: Called Strike
0-1: Ball
1-1: Foul Ball, location: 2F
1-2: Fly out, F8 (Line Drive, 8RD, EV 102.5 MPH)
Top of the 5th over - 0 runs, 0 hits, 0 errors, 0 left on base; Yakima 1 - Mercer Island 1
BOTTOM OF THE 5TH
Mercer Island Screaming Eagles batting - Pitching for Yakima Hops : RHP Félix Aiza
Batting: RHB Byron Ballard 0-0: Ground out 5-3 (Groundball, 5S, EV 81.9 MPH)
Batting: RHB Emílio Ramírez 0-0: Called Strike
0-1: Ball
1-1: Called Strike
1-2: Foul Ball, location: 2F
1-2: Foul Ball, location: 2F
1-2: Fly out, F9 (Flyball, 9S, EV 70.0 MPH)
Batting: RHB Mikael Evangjeli 0-0: Foul Ball, location: 2F
0-1: Ball
1-1: Foul Ball, location: 2F
1-2: Ball
2-2: Strikes out swinging
Bottom of the 5th over - 0 runs, 0 hits, 0 errors, 0 left on base; Yakima 1 - Mercer Island 1
TOP OF THE 6TH
Yakima Hops batting - Pitching for Mercer Island Screaming Eagles : RHP Théo Picard
Batting: LHB Doug Cole 0-0: Fly out, F8 (Flyball, 8LXD, EV 84.4 MPH)
Batting: RHB Sebastian Franke 0-0: Ball
1-0: Foul Ball, location: 2F
1-1: DOUBLE (Flyball, 8RXD, EV 93.1 MPH)
Batting: SHB Rafael Bregonzi 0-0: SINGLE (Line Drive, 34D, EV 100.0 MPH)
Sebastian Franke to third
Runner from 3rd tries for Home, SAFE, throw by RF to home
Batting: LHB Juan Arellano 0-0: Called Strike
0-1: SINGLE (Line Drive, 78S, EV 101.2 MPH)
Rafael Bregonzi to second
Batting: RHB Tokaji Heida 0-0: Foul Ball, location: 2F
0-1: Ball
1-1: DOUBLE (Line Drive, 8LXD, EV 109.4 MPH)
Rafael Bregonzi scores
Juan Arellano to third
Batting: LHB Flint Myers 0-0: Intentional Walk
Batting: RHB Ezra Booth 0-0: Swinging Strike
0-1: SINGLE (Groundball, 5L, EV 100.0 MPH) (infield hit)
Juan Arellano scores
Tokaji Heida to third
Flint Myers to second
Batting: RHB Stock Tonports 0-0: Called Strike
0-1: Foul Ball, location: 2F
0-2: Ball
1-2: Fly out, F8 (Line Drive, 8LM, EV 99.4 MPH)
Runner from 3rd tags up, SCORES, throw by CF
Flint Myers to third
Batting: RHB José Hernández 0-0: Called Strike
0-1: Ball
1-1: Swinging Strike
1-2: Ball
2-2: Strikes out looking
Top of the 6th over - 4 runs, 5 hits, 0 errors, 2 left on base; Yakima 5 - Mercer Island 1
BOTTOM OF THE 6TH
Mercer Island Screaming Eagles batting - Pitching for Yakima Hops : RHP Félix Aiza
Batting: LHB Fernando Flores 0-0: Ball
1-0: Ball
2-0: Foul Ball, location: 2F
2-1: SINGLE (Flyball, 89S, EV 94.4 MPH)
Batting: LHB Pedro Muñóz 0-0: Foul Ball, location: 2F
0-1: SINGLE (Line Drive, 78M, EV 96.9 MPH)
Fernando Flores to second
Batting: RHB Corey Ollerton 0-0: SINGLE (Groundball, 6MD, EV 100.6 MPH)
Fernando Flores to third
Pedro Muñóz to second
Batting: RHB Charles Basle 0-0: SINGLE (Line Drive, 9S, EV 97.5 MPH)
Fernando Flores scores
Pedro Muñóz to third
Corey Ollerton to second
Runner from 3rd tries for Home, SAFE, throw by RF to home
Pitching: RHP Wilbur Carson
Batting: RHB Brevyn Spann-Ford 0-0: Called Strike
0-1: Ball
1-1: SINGLE (Groundball, 4D, EV 101.9 MPH)
Corey Ollerton to third
Charles Basle to second
Runner from 3rd tries for Home, SAFE, no throw by CF
Batting: RHB Carlos Miranda 0-0: Bunted foul
0-1: Ball
1-1: Bunt missed!
1-2: Ball
2-2: SINGLE (Groundball, 34D, EV 104.4 MPH)
Charles Basle to third
Brevyn Spann-Ford to second
Batting: RHB Byron Ballard 0-0: Called Strike
0-1: Foul Ball, location: 2F
0-2: Strikes out swinging
Batting: RHB Emílio Ramírez 0-0: Grounds into fielders choice 3-2 (Groundball, 3S, EV 89.4 MPH)
Brevyn Spann-Ford to third
Carlos Miranda to second
Batting: RHB Mikael Evangjeli 0-0: Ball
1-0: Ball
2-0: Ball
3-0: Base on Balls
Brevyn Spann-Ford scores
Carlos Miranda to third
Emílio Ramírez to second
Batting: LHB Fernando Flores 0-0: Ball
1-0: TRIPLE (Flyball, 9D, EV 107.5 MPH)
Carlos Miranda scores
Emílio Ramírez scores
Mikael Evangjeli scores
Pitching: RHP Floyd Edwards
Batting: LHB Pedro Muñóz 0-0: Called Strike
0-1: Ground out 3-1 (Groundball, 34, EV 80.0 MPH)
Bottom of the 6th over - 7 runs, 7 hits, 0 errors, 1 left on base; Yakima 5 - Mercer Island 8
TOP OF THE 7TH
Yakima Hops batting - Pitching for Mercer Island Screaming Eagles : RHP Théo Picard
Pitching: LHP Bing-zhong Qiu
Batting: LHB Doug Cole 0-0: Foul Ball, location: 2F
0-1: Foul Ball, location: 2F
0-2: Fly out, F7 (Line Drive, 7D, EV 85.6 MPH)
Batting: RHB Sebastian Franke 0-0: Ball
1-0: Foul Ball, location: 2F
1-1: Called Strike
1-2: Strikes out looking
Batting: SHB Rafael Bregonzi 0-0: Called Strike
0-1: Ball
1-1: Ball
2-1: Called Strike
2-2: Hit by Pitch
Pinch Runner at 1st Denis Taylor:
Batting: LHB Juan Arellano 0-0: Swinging Strike
0-1: Ball
1-1: Foul Ball, location: 2F
1-2: Strikes out swinging
Top of the 7th over - 0 runs, 0 hits, 0 errors, 1 left on base; Yakima 5 - Mercer Island 8
BOTTOM OF THE 7TH
Mercer Island Screaming Eagles batting - Pitching for Yakima Hops : RHP Floyd Edwards
Now in LF: Pedro Montoya
Batting: RHB Corey Ollerton 0-0: Fly out, F9 (Line Drive, 9, EV 106.9 MPH)
Batting: RHB Charles Basle 0-0: Fly out, F8 (Flyball, 8RD, EV 91.2 MPH)
Batting: RHB Brevyn Spann-Ford 0-0: Ball
1-0: Ball
2-0: Ball
3-0: Called Strike
3-1: Base on Balls
Batting: RHB Carlos Miranda 0-0: Ground out 1-3 (Groundball, 13S, EV 63.1 MPH)
Bottom of the 7th over - 0 runs, 0 hits, 0 errors, 1 left on base; Yakima 5 - Mercer Island 8
TOP OF THE 8TH
Yakima Hops batting - Pitching for Mercer Island Screaming Eagles : LHP Bing-zhong Qiu
Batting: RHB Tokaji Heida 0-0: Ball
1-0: Foul Ball, location: 2F
1-1: Called Strike
1-2: Foul Ball, location: 2F
1-2: Strikes out swinging
Batting: LHB Flint Myers 0-0: Called Strike
0-1: Called Strike
0-2: Strikes out swinging
Batting: RHB Ezra Booth 0-0: TRIPLE (Flyball, 89XD, EV 108.1 MPH)
Batting: RHB Stock Tonports 0-0: Ball
1-0: Foul Ball, location: 2F
1-1: Ground out 5-3 (Groundball, 56S, EV 92.5 MPH)
Top of the 8th over - 0 runs, 1 hit, 0 errors, 1 left on base; Yakima 5 - Mercer Island 8
BOTTOM OF THE 8TH
Mercer Island Screaming Eagles batting - Pitching for Yakima Hops : RHP Floyd Edwards
Batting: RHB Byron Ballard 0-0: Foul Ball, location: 2F
0-1: Ball
1-1: Ground out 6-3 (Groundball, 6, EV 105.0 MPH)
Batting: RHB Emílio Ramírez 0-0: Called Strike
0-1: Ball
1-1: Foul Ball, location: 2F
1-2: Ball
2-2: Ball
3-2: SINGLE (Groundball, 4MD, EV 109.4 MPH)
Batting: RHB Mikael Evangjeli 0-0: Swinging Strike
0-1: Ball
1-1: Called Strike
1-2: Strikes out looking
Batting: LHB Fernando Flores 0-0: Ball
1-0: Ball
2-0: Swinging Strike
2-1: Ball
3-1: Foul Ball, location: 2F
Pickoff Throw to First - Out! 1-3
Bottom of the 8th over - 0 runs, 1 hit, 0 errors, 0 left on base; Yakima 5 - Mercer Island 8
TOP OF THE 9TH
Yakima Hops batting - Pitching for Mercer Island Screaming Eagles : LHP Bing-zhong Qiu
Batting: RHB José Hernández 0-0: Ball
1-0: Ball
2-0: Foul Ball, location: 2F
2-1: Foul Ball, location: 2F
2-2: Ball
3-2: Base on Balls
Batting: LHB Doug Cole 0-0: Ball
1-0: Called Strike
1-1: Ball
2-1: Swinging Strike
2-2: Foul Ball, location: 2F
2-2: Ball
3-2: DOUBLE (Line Drive, 9LS, EV 87.5 MPH)
José Hernández to third
Batting: RHB Sebastian Franke 0-0: Ball
1-0: Ball
2-0: Called Strike
2-1: Foul Ball, location: 2F
2-2: Ball
3-2: Foul Ball, location: 2F
3-2: SINGLE (Groundball, 56D, EV 95.6 MPH)
José Hernández scores
Doug Cole to third
Pitching: RHP Wilson Rangel
Batting: SHB Pedro Montoya 0-0: Called Strike
0-1: Ball
1-1: Ball
2-1: Swinging Strike
2-2: Ball
3-2: DOUBLE (Line Drive, 3D, EV 98.1 MPH)
Doug Cole scores
Sebastian Franke to third
Batting: LHB Juan Arellano 0-0: Intentional Walk
Batting: RHB Tokaji Heida 0-0: Ball
1-0: Swinging Strike
1-1: Called Strike
1-2: Foul Ball, location: 2F
1-2: Foul Ball, location: 2F
1-2: Strikes out swinging
Batting: LHB Flint Myers 0-0: Ball
1-0: Called Strike
1-1: Ball
2-1: Foul Ball, location: 2F
2-2: Foul Ball, location: 2F
2-2: GRAND SLAM HOME RUN (Flyball, 9D, EV 104.4 MPH), Distance : 369 ft
Pitching: RHP Lonnie Zavala
Batting: RHB Ezra Booth 0-0: Called Strike
0-1: Fly out, F7 (Flyball, 7, EV 93.1 MPH)
Batting: RHB Stock Tonports 0-0: Called Strike
0-1: Foul Ball, location: 2F
0-2: Ground out 5-3 (Groundball, 5L, EV 89.4 MPH)
Top of the 9th over - 6 runs, 4 hits, 0 errors, 0 left on base; Yakima 11 - Mercer Island 8
BOTTOM OF THE 9TH
Mercer Island Screaming Eagles batting - Pitching for Yakima Hops : RHP Floyd Edwards
Pitching: RHP John Guerra
Batting: LHB Fernando Flores 0-0: Fly out, F8 (Flyball, 8LM, EV 90.0 MPH)
Batting: LHB Pedro Muñóz 0-0: Foul Ball, location: 2F
0-1: Foul Ball, location: 2F
0-2: Strikes out swinging
Batting: RHB Corey Ollerton 0-0: Ball
1-0: Ball
2-0: Called Strike
2-1: Foul Ball, location: 2F
2-2: Reached on error, E4 (Groundball, 4, EV 100.6 MPH)
Batting: RHB Charles Basle 0-0: Ball
1-0: Ball
2-0: DOUBLE (Line Drive, 78D, EV 106.9 MPH)
Corey Ollerton to third
Batting: RHB Brevyn Spann-Ford 0-0: Called Strike
0-1: Ball
1-1: Foul Ball, location: 2F
1-2: Ball
2-2: Strikes out swinging
Bottom of the 9th over - 0 runs, 1 hit, 1 error, 2 left on base; Yakima 11 - Mercer Island 8
Friday, April 17th, 2020 - OOTP Baseball 20.8 Build 74